 Dungeon Crawl Stone Soup version 0.26-a0-812-g31a745d (webtiles) character file.

Game seed: 9489041927912358347

3133 MrTaco21 the Basher (level 9, 0/51 HPs)
             Began as a Gargoyle Fighter on Nov 13, 2020.
             Was an Elder of Okawaru.
             Slain by an eight-headed hydra (9 damage)
             ... on level 8 of the Dungeon.
             The game lasted 00:09:38 (8127 turns).

MrTaco21 the Basher (Gargoyle Fighter)              Turns: 8127, Time: 00:09:39

Health: 0/51       AC: 17    Str: 24    XL:     9   Next: 92%
Magic:  9/9        EV:  6    Int:  8    God:    Okawaru [****..]
Gold:   435        SH: 16    Dex:  9    Spells: 8/8 levels left

rFire    . . .     SeeInvis .   a - +0 flail
rCold    + . .     Faith    .   s - +0 tower shield
rNeg     + . .     Spirit   .   n - +2 scale mail {rC+}
rPois    ∞         Reflect  .   v - +0 helmet
rElec    +         Harm     .   (no cloak)
rCorr    .         Rampage  .   p - +0 pair of gloves
MR       .....                  (no boots)
Stlth    ..........             (no amulet)
HPRegen  0.17/turn              H - -4 ring of slaying (curse)
MPRegen  0.11/turn              (no ring)

@: no status effects
A: negative energy resistance 1, electricity resistance, unbreathing,
petrification resistance, rot immunity, AC +6
a: Heroism, Renounce Religion


You were on level 8 of the Dungeon.
You worshipped Okawaru.
Okawaru was greatly pleased with you.
You visited 2 branches of the dungeon, and saw 9 of its levels.
You also visited: Ossuary.

You collected 435 gold pieces.

Inventory:

Hand Weapons
 a - a +0 flail (weapon)
Missiles
 w - 37 poisoned darts (quivered)
Armour
 n - a +2 scale mail of cold resistance (worn)
   (You took it off an orc on level 4 of the Dungeon)
 p - a +0 pair of gloves (worn)
   (You found it on level 3 of the Dungeon)
 s - a +0 tower shield (worn)
   (You found it on level 4 of the Dungeon)
 v - a +0 helmet (worn)
   (You found it on level 4 of the Dungeon)
 F - +2 acid dragon scales
   (You took it off Maggie on level 7 of the Dungeon)
 G - a +0 plate armour
   (You found it on level 5 of the Dungeon)
Jewellery
 H - a cursed -4 ring of slaying (left hand)
   (You found it on level 7 of the Dungeon)
Wands
 d - a wand of iceblast (9)
   (You found it on level 5 of the Dungeon)
 u - a wand of paralysis (7)
   (You found it on level 6 of the Dungeon)
 x - a wand of acid (9)
   (You found it on level 7 of the Dungeon)
Scrolls
 f - 4 scrolls of immolation {unknown}
 g - 6 scrolls of fear {unknown}
 h - a scroll of noise {unknown}
 i - 9 scrolls of teleportation {unknown}
 j - 9 scrolls of identify {unknown}
 m - 2 scrolls of remove curse {unknown}
 o - 2 scrolls of magic mapping {unknown}
 z - a scroll of enchant armour {unknown}
 C - a scroll of enchant weapon {unknown}
 E - 2 scrolls of fog {unknown}
Potions
 b - a potion of heal wounds {unknown}
 c - a potion of attraction {unknown}
 e - a potion of invisibility {unknown}
 k - 12 potions of curing {unknown}
 l - 3 potions of degeneration {unknown}
 q - 4 potions of lignification {unknown}
 r - a potion of haste {unknown}
 t - 2 potions of brilliance {unknown}
 y - 4 potions of might
 A - a potion of magic {unknown}
 B - a potion of resistance {unknown}
 D - 2 potions of flight {unknown}
 I - 2 potions of berserk rage {unknown}


   Skills:
 - Level 3.2 Fighting
 - Level 12.0 Maces & Flails
 - Level 3.2 Armour
 + Level 7.5 Shields


You had 8 spell levels left.
You didn't know any spells.
Your spell library contained the following spells:

 Spells                   Type           Power        Failure   Level
 Magic Dart               Conj           #...         100%        1
 Blink                    Tloc           N/A          100%        2
 Call Imp                 Summ           #.......     100%        2
 Slow                     Hex            #.......     100%        2
 Conjure Flame            Conj/Fire      #.......     100%        3
 Mephitic Cloud           Conj/Pois/Air  #.......     100%        3


Dungeon Overview and Level Annotations

Branches:
Dungeon (8/15)             Temple (1/1) D:6         Ossuary (visited)
   Lair: D:8-11

Altars:
Ashenzari
Cheibriados
Dithmenos
Elyvilon
Fedhas
Gozag
Hepliaklqana
Kikubaaqudgha
Makhleb
Nemelex Xobeh
Okawaru
Qazlal
Ru
Trog
Uskayaw
Vehumet
Wu Jian
Xom
Yredelemnul
Zin
The Shining One

Annotations:
D:6 1 runed translucent door


Innate Abilities, Weirdness & Mutations

You are resistant to torment.
Your stone body is resilient. (AC +6)
You are immune to poison.
You resist negative energy. (rN+)
You are resistant to electric shocks. (rElec)
You can survive without breathing.
You are immune to petrification.
You are immune to rotting.


Message History

No target in view!
You now have 415 gold pieces (gained 18).
Found a leather armour.
You now have 435 gold pieces (gained 20).
A bullfrog comes into view.
A bullfrog is nearby!
A bullfrog is nearby!
An eight-headed hydra comes into view.
The bullfrog gives a loud, deep croak!
The eight-headed hydra roars!
The bullfrog releases a deep croak.
You block the bullfrog's attack.
You closely miss the bullfrog.
The bullfrog hits you but does no damage.
You barely miss the eight-headed hydra. You sock the eight-headed hydra!
You block the bullfrog's attack.
You block the eight-headed hydra's attack. x2
The eight-headed hydra bites you!
You block the eight-headed hydra's attack.
The eight-headed hydra bites you! The eight-headed hydra bites you.
The eight-headed hydra closely misses you.
You block the eight-headed hydra's attack.
The bullfrog hits you.
You sock the eight-headed hydra!
You block the eight-headed hydra's attack. x2
The eight-headed hydra bites you but does no damage. x4
The eight-headed hydra bites you.
The eight-headed hydra barely misses you.
The bullfrog hits you but does no damage.
You thump the eight-headed hydra! You block the bullfrog's attack.
The eight-headed hydra bites you.
* * * LOW HITPOINT WARNING * * *
The eight-headed hydra bites you.
* * * LOW HITPOINT WARNING * * *
The eight-headed hydra bites you!
* * * LOW HITPOINT WARNING * * *
The eight-headed hydra bites you but does no damage.
The eight-headed hydra bites you.
* * * LOW HITPOINT WARNING * * *
You block the eight-headed hydra's attack.
The eight-headed hydra bites you but does no damage.
The eight-headed hydra bites you.
* * * LOW HITPOINT WARNING * * *
You block the bullfrog's attack.
Unknown command.
Unknown command.
You block the bullfrog's attack. You block the bullfrog's attack.
You block the eight-headed hydra's attack. x2
The eight-headed hydra bites you!
You die...

...##......#..............##+
...!$......#..............##+
...........#.................
[............................
............#+#..............
............# #.........#....
............+ #.........#....
..........FD###..............
............@................
.............##..........#...
..........##.##..........+...
..........##.##.........##...
.............##.........##...
..............##......#######
......#.......##...##########
######.......##...##........
..........#...##........


You could see an eight-headed hydra and a bullfrog.

Vanquished Creatures
  The ghost of Woots the Zephyrmancer, a novice TeAE (D:6)
  Maggie (D:7)
  Menkaure (D:6)
  An orc warrior (D:7)
  A phantom (D:7)
  An ice beast (D:5)
  An ogre (D:6)
  A centaur (D:8)
  A wyvern zombie (D:8)
  A bullfrog (D:6)
  10 scorpions
  A bullfrog zombie (D:7)
  An orc priest (D:7)
  3 centaur zombies
  4 hounds (D:5)
  3 human zombies (Ossuary)
  3 bullfrog skeletons
  3 orc wizards
  A centaur skeleton (D:5)
  Natasha (thrice) (D:2)
  A killer bee zombie (D:6)
  12 worker ants
  A big kobold zombie (Ossuary)
  A hound zombie (D:6)
  A hound skeleton (D:7)
  A spectral worker ant (D:6)
  4 mummies
  10 adders
  4 gnolls (D:6)
  6 scorpion zombies (Ossuary)
  A white imp (D:4)
  2 ufetubi (D:5)
  An ooze (D:2)
  2 adder skeletons
  3 worms
  3 dart slugs
  4 leopard geckos
  14 orcs
  9 giant cockroaches
  5 gnoll zombies (Ossuary)
  7 goblins
  5 hobgoblins
  10 jackals
  8 kobolds
  5 quokkas
  A ball python (D:7)
  9 bats
  5 frilled lizards
  2 goblin zombies (Ossuary)
  A hobgoblin zombie (Ossuary)
  A jackal skeleton (D:6)
  A leopard gecko skeleton (D:4)
  An orc zombie (Ossuary)
  A quokka zombie (D:5)
  4 rats
188 creatures vanquished.

Vanquished Creatures (others)
  2 scorpions (Ossuary)
  4 toadstools (D:1)
6 creatures vanquished.

Grand Total: 194 creatures vanquished

Notes
Turn   | Place    | Note
-------+----------+-------------------------------------------
     0 | D:1      | MrTaco21 the Gargoyle Fighter began the quest for the Orb.
     0 | D:1      | Reached XP level 1. HP: 14/14 MP: 1/1
    81 | D:1      | Reached XP level 2. HP: 9/19 MP: 2/2
   287 | D:1      | Reached skill level 3 in Maces & Flails
   685 | D:1      | Reached XP level 3. HP: 23/23 MP: 3/3
  1239 | D:2      | Reached skill level 4 in Maces & Flails
  1253 | D:2      | Reached XP level 4. HP: 19/28 MP: 4/4
  1643 | D:2      | Noticed Natasha
  1664 | D:2      | Killed Natasha
  1669 | D:2      | Noticed Natasha
  1681 | D:2      | Reached skill level 5 in Maces & Flails
  1681 | D:2      | Reached XP level 5. HP: 20/32 MP: 5/5
  1798 | D:2      | Found a shadowy altar of Dithmenos.
  1893 | D:2      | Found a snail-covered altar of Cheibriados.
  1895 | D:2      | Found a sparkling altar of Nemelex Xobeh.
  1895 | D:2      | Found a hazy altar of Hepliaklqana.
  1896 | D:2      | Found an ancient bone altar of Kikubaaqudgha.
  1909 | D:2      | Killed Natasha
  1923 | D:2      | Found an iron altar of Okawaru.
  1924 | D:2      | Found a stormy altar of Qazlal.
  1980 | D:2      | Noticed Natasha
  1989 | D:2      | Killed Natasha
  1999 | D:2      | Became a worshipper of Warmaster Okawaru
  2221 | D:3      | Reached skill level 6 in Maces & Flails
  2323 | D:3      | Reached XP level 6. HP: 37/37 MP: 6/6
  3263 | D:4      | Found a white marble altar of Elyvilon.
  3665 | D:5      | Entered Level 5 of the Dungeon
  3882 | D:5      | Found a glowing silver altar of Zin.
  3905 | D:5      | Noticed an ice beast
  3917 | D:5      | Killed an ice beast
  3917 | D:5      | Reached skill level 7 in Maces & Flails
  3917 | D:5      | Reached XP level 7. HP: 41/41 MP: 7/7
  3941 | D:5      | Reached * piety under Okawaru
  3987 | D:5      | Found a sand-covered staircase.
  3996 | Ossuary  | Entered an ossuary
  4026 | Ossuary  | Reached skill level 8 in Maces & Flails
  4289 | Ossuary  | Reached ** piety under Okawaru
  4289 | Ossuary  | Reached skill level 9 in Maces & Flails
  4289 | Ossuary  | Reached XP level 8. HP: 40/46 MP: 8/8
  4566 | Ossuary  | Reached skill level 10 in Maces & Flails
  5148 | D:6      | Found a staircase to the Ecumenical Temple.
  5232 | D:6      | Found a runed translucent gate.
  5232 | D:6      | Found a runed translucent gate.
  5232 | D:6      | Found a runed translucent gate.
  5232 | D:6      | Noticed Woots's ghost (novice TeAE)
  5529 | D:6      | Reached *** piety under Okawaru
  5658 | D:6      | Reached skill level 11 in Maces & Flails
  5661 | D:6      | Found a runed translucent door.
  5665 | D:6      | Found a runed translucent door.
  5729 | D:6      | Reached XP level 9. HP: 45/51 MP: 9/9
  5869 | D:6      | Noticed Menkaure
  5879 | D:6      | Killed Menkaure
  6343 | D:6      | Killed Woots's ghost
  6343 | D:6      | Reached skill level 12 in Maces & Flails
  6668 | Temple   | Entered the Ecumenical Temple
  6757 | D:7      | Noticed Maggie
  6774 | D:7      | Killed Maggie
  6774 | D:7      | Reached skill level 5 in Shields
  7628 | D:7      | Reached **** piety under Okawaru
  8008 | D:8      | Found a glowing golden altar of the Shining One.
  8017 | D:8      | Found a basalt altar of Yredelemnul.
  8115 | D:8      | Noticed an eight-headed hydra
  8127 | D:8      | Slain by an eight-headed hydra

Illustrated notes

Levels and vault maps discovered:
D:1:      ldierk_water_garden, layout_basic
D:2:      layout_rooms, minitemple, uniq_natasha
D:3:      layout_rooms
D:4:      layout_loops_ring, elyvilon_altar_5, minmay_misc_feat_rugged
D:5:      layout_basic, zin_statuary, gup_ossuary_entry_pyramid
D:6:      lemuel_insect_pit, layout_loops_corners, minmay_temple_entry_trees,
          gammafunk_ghost_necromancy, uniq_menkaure
D:7:      layout_loops_cross, uniq_maggie
D:8:      layout_basic, grunt_temple_overflow_holy_war, kennysheep_little_box
Temple:   zaba_magenta_temple

Skill      XL: |  1  2  3  4  5  6  7  8  9 |
---------------+----------------------------+-----
Maces & Flails | 3 4 5 6 7 9 11 12 | 12.0
Shields        | 7 |  7.5
Fighting       | |  3.2
Armour         | |  3.2

Action                   |  1- 3 |  4- 6 |  7- 9 || total
-------------------------+-------+-------+-------++-------
Melee: Flail             |   115 |   221 |   628 ||   964
Throw: Dart              |       |       |     6 ||     6
  Use: Potion            |       |       |     1 ||     1
Armor: Scale mail        |   115 |   106 |   285 ||   506
Dodge: Dodged            |    64 |    47 |    95 ||   206
Block: Kite shield       |    92 |    66 |       ||   158
       Tower shield      |       |    77 |   468 ||   545

Table legend: (Time is in decaauts)
 A = Elapsed time spent in this place.
 B = Non-inter-level travel time spent in this place.
 C = Inter-level travel time spent in this place.
 D = Time resting spent in this place.
 E = Time spent auto-exploring this place.
 F = Levels seen in this place.
 G = Mean time per level.
                   A        B        C        D        E       F      G
               +--------+--------+--------+--------+--------+-----+--------+
         Total |   8226 |   7962 |    264 |   1281 |   4903 |  10 |  822.6 |
       Dungeon |   7343 |   7097 |    246 |   1123 |   4516 |   8 |  917.9 |
        Temple |     76 |     58 |     18 |      0 |     57 |   1 |   76.0 |
       Ossuary |    806 |    806 |      0 |    158 |    330 |   1 |  806.0 |
               +--------+--------+--------+--------+--------+-----+--------+

Top non-repeatable levels by time:
     D:6: 1638 daAuts
     D:1: 1124 daAuts
     D:2: 1108 daAuts
     D:7: 1074 daAuts
     D:4: 1053 daAuts
 Ossuary: 806 daAuts
     D:5: 599 daAuts
     D:3: 461 daAuts
     D:8: 282 daAuts
  Temple: 76 daAuts
